 Dungeon Crawl Stone Soup version 0.30.0-20-g3615ddf2f0 (webtiles) character file.

Game seed: 2784552480013628313

155 qw the Chopper (level 5, -3/32 HPs)
             Began as a Gargoyle Fighter on May 28, 2023.
             Slain by an iguana (10 damage)
             ... on level 3 of the Dungeon.
             The game lasted 00:01:13 (1662 turns).

qw the Chopper (Gargoyle Fighter)                   Turns: 1662, Time: 00:01:14

Health: -3/32      AC: 12    Str: 21    XL:     5   Next: 37%
Magic:  5/5        EV:  6    Int:  9    God:
Gold:   77         SH:  4    Dex:  9    Spells: 4/4 levels left

rFire   . . .        i - +0 broad axe
rCold   . . .        c - +0 buckler
rNeg    + . .        b - +0 scale mail
rPois   inf          k - +0 helmet
rElec   +            (no cloak)
rCorr   .            (no gloves)
SInv    .            (no boots)
Will    .....        e - amulet of the acrobat Stlth
                     (no ring)
HPRegen 0.25/turn    (no ring)
MPRegen 0.09/turn

%: acrobat
@: constricted
A: sickness immunity, AC +4, negative energy resistance 1, electricity
resistance, torment resistance 1, petrification resistance
a: no special abilities


You were on level 3 of the Dungeon.
You visited 1 branch of the dungeon, and saw 3 of its levels.

You collected 97 gold pieces.
You spent 20 gold pieces at shops.


Innate Abilities, Weirdness & Mutations

You are immune to sickness and miasma.
Your stone body is resilient. (AC +4)
You are immune to poison.
You resist negative energy. (rN+)
You are resistant to electric shocks. (rElec)
You are resistant to unholy torment.
You are immune to petrification.


   Skills:
 - Level 3.2 Fighting
 + Level 4.9 Axes
 - Level 3.2 Armour
 - Level 3.2 Shields


You had 4 spell levels left.
You didn't know any spells.
Your spell library was empty.

Inventory:

Hand Weapons
 h - a +0 mace
 i - a +0 broad axe (weapon)
Armour
 b - a +0 scale mail (worn)
 c - a +0 buckler (worn)
 f - a +0 chain mail
 k - a +0 helmet (worn)
Jewellery
 e - an amulet of the acrobat (around neck)
 m - a ring of ice
Scrolls
 a - 3 scrolls of identify
 l - a scroll of fear {unknown}
 n - a scroll of teleportation {unknown}
 o - a scroll of silence {unknown}
Potions
 d - a potion of might
 g - 2 potions of curing
 j - a potion of lignification

Dungeon Overview and Level Annotations

Branches:
Dungeon (3/15)

Altars:

Shops:
D:2 ?


Message History

The iguana bites you.
You barely miss the iguana. The iguana barely misses you.
A goblin comes into view. It is wielding a +0 mace.
The iguana bites you!
You closely miss the iguana.
The goblin shouts!
You hear an angry hiss.
The iguana bites you.
You slash the iguana!
The iguana is almost dead.
The iguana bites you.
You hit the iguana but do no damage.
The iguana is almost dead.
The iguana barely misses you.
The iguana bites you but does no damage.
The goblin closely misses you.
You closely miss the iguana.
The iguana is almost dead.
You closely miss the goblin.
A ball python comes into view.
The iguana bites you but does no damage.
The goblin barely misses you.
You closely miss the iguana.
The iguana is almost dead.
You miss the goblin.
The iguana bites you but does no damage.
The goblin completely misses you.
You barely miss the iguana.
The iguana is almost dead.
You hit the goblin.
You kill the goblin!
You block the iguana's attack.
The ball python bites you but does no damage.
You block the ball python's attack. The iguana bites you!
You hit the iguana but do no damage.
The iguana is almost dead.
You closely miss the ball python. You block the ball python's attack.
The ball python grabs you. The ball python constricts you.
The iguana bites you!
You die...

#.# ####.###### ####
#.........# ...#
###.##%...###
...####.....>...##
...'....#.#.#.#..#
...####%.........## ...#
#.#.#.#.#...# ...#
#.........@## .....
..#.#.#.#.Sl......
##.##.#.........#.......
#.##'#.#.#.#.#.#.......
#.. .............).....
# .######### ....... .
..# ### ....... . ..#
#.+ ####### # #.# #.#


You could see an iguana and a ball python.

Vanquished Creatures
  Robin (D:2)
  7 adders
  5 orcs (D:3)
  A bat (D:1)
  5 endoplasms
  A giant cockroach (D:2)
  10 goblins
  7 hobgoblins
  11 jackals
  5 kobolds
  2 quokkas
  9 ball pythons
  2 frilled lizards
  4 rats
70 creatures vanquished.

Notes
Turn   | Place    | Note
-------+----------+-------------------------------------------
     0 | D:1      | qw the Gargoyle Fighter began the quest for the Orb.
     0 | D:1      | Reached XP level 1. HP: 14/14 MP: 1/1
     0 | D:1      | 0 ||| qw: Version: 0.2-a-100-g7972860
     0 | D:1      | 0 ||| qw: Game counter: 247
     0 | D:1      | 0 ||| qw: Always use a shield: true
     0 | D:1      | 0 ||| qw: God list: Okawaru
     0 | D:1      | 0 ||| qw: Allow faded altars: false
     0 | D:1      | 0 ||| qw: Do Orc after D:15 true
     0 | D:1      | 0 ||| qw: Do second Lair branch before Depths: true
     0 | D:1      | 0 ||| qw: Lair rune preference: random
     0 | D:1      | 0 ||| qw: Plans: Normal, Zot:1-4, Slime:5, God:TSO, Crypt,
                  | Tomb, Pan, Hells, Abyss, Win
     0 | D:1      | 0 ||| PLANNING D:1-11
   108 | D:1      | Reached skill level 2 in Axes
   169 | D:1      | Reached XP level 2. HP: 14/19 MP: 2/2
   400 | D:1      | 400 ||| Stepping ~*~*~tactically~*~*~ (stealth).
   431 | D:1      | 431 ||| Stepping ~*~*~tactically~*~*~ (stealth).
   528 | D:1      | 528 ||| Stepping ~*~*~tactically~*~*~ (stealth).
   532 | D:1      | Reached skill level 3 in Axes
   541 | D:1      | Reached XP level 3. HP: 23/23 MP: 3/3
   649 | D:1      | 649 ||| UPGRADING to amulet of the acrobat.
   654 | D:1      | 654 ||| READING 3 scrolls labelled OGEKETR NUCUKA.
   655 | D:1      | 655 ||| DRINKING 2 purple potions.
   656 | D:1      | 656 ||| READING 2 scrolls of identify.
   656 | D:1      | 656 ||| IDENTIFYING lumpy red potion
   657 | D:1      | 657 ||| DROPPING potion of magic.
   684 | D:2      | 684 ||| STAIRDANCE
   703 | D:2      | Noticed Robin
   704 | D:2      | 704 ||| Stepping ~*~*~tactically~*~*~ (stealth).
   713 | D:2      | Killed Robin
   719 | D:2      | Reached XP level 4. HP: 28/28 MP: 4/4
   791 | D:2      | Reached skill level 4 in Axes
   813 | D:2      | Found Sasirod's Magic Scroll Emporium.
   828 | D:2      | 828 ||| SHOPLISTING scroll of enchant armour (75 gold, have
                  | 28).
   828 | D:2      | 828 ||| BUYING scroll of identify (20 gold).
   828 | D:2      | Bought a scroll of identify for 20 gold pieces
   828 | D:2      | 828 ||| SHOPLISTING scroll of identify (20 gold, have 8).
  1171 | D:2      | Reached XP level 5. HP: 32/32 MP: 5/5
  1303 | D:2      | 1303 ||| UPGRADING to +0 helmet.
  1308 | D:2      | 1308 ||| READING scroll labelled NUUNESUTITT.
  1309 | D:2      | 1309 ||| READING scroll labelled QUURE QIJO.
  1310 | D:2      | 1310 ||| READING scroll labelled QYULLU GOJYT.
  1311 | D:2      | 1311 ||| READING scroll labelled OLOEMU MOIN.
  1312 | D:2      | 1312 ||| DRINKING 2 grey potions.
  1313 | D:2      | 1313 ||| READING 3 scrolls of identify.
  1313 | D:2      | 1313 ||| IDENTIFYING red potion
  1314 | D:2      | 1314 ||| DROPPING potion of brilliance.
  1411 | D:3      | 1411 ||| SWAPPING to +0 broad axe.
  1412 | D:3      | 1412 ||| DROPPING +1 war axe.
  1614 | D:3      | 1614 ||| Stepping ~*~*~tactically~*~*~ (stealth).
  1661 | D:3      | HP: 8/32 [iguana (7)]
  1662 | D:3      | Slain by an iguana

Levels and vault maps discovered:
D:1:      dpeg_arrival_snail, layout_basic
D:2:      layout_basic, serial_shops, nicolae_shop_statue_plus, uniq_robin
D:3:      layout_basic, gammafunk_ghost_nasty_kobolds,
          minmay_misc_feat_secret_circle, st_stairs_2, dk_noncrumbling_4

Skill      XL: |  1  2  3  4 |
---------------+-------------+-----
Axes           | 2 3 4 |  4.9
Fighting       | |  3.2
Armour         | |  3.2
Shields        | |  3.2

Action                     |  1- 3 |  4- 6 || total
---------------------------+-------+-------++-------
  Melee: War axe           |    81 |    79 ||   160
         Broad axe         |       |    68 ||    68
    Use: Scroll            |     2 |     5 ||     7
         Potion            |     1 |     1 ||     2
 Armour: Scale mail        |    41 |    85 ||   126
  Dodge: Dodged            |    32 |    76 ||   108
  Block: Buckler           |    14 |    30 ||    44

Table legend:
 A = Non-vault XP
 B = Vault XP
 C = Vault XP percentage of total XP
 D = Non-vault monster count
 E = Vault monster count
 F = Vault count percentage of total count
                 A         B        C        D         E       F
            +---------+---------+-------+---------+---------+-------
      Total |     176 |      46 |  20.7 |      58 |      12 |  17.1
            +---------+---------+-------+---------+---------+-------
        D:1 |      56 |       0 |   0.0 |      25 |       0 |   0.0
        D:2 |      84 |      31 |  27.0 |      23 |      10 |  30.3
        D:3 |      36 |      15 |  29.4 |      10 |       2 |  16.7
            +---------+---------+-------+---------+---------+-------
